 Dungeon Crawl Stone Soup version 0.26-a0-495-g20a46bd (webtiles) character file.

Game seed: 9230360318959325715

25362 WillHelm1234 the Arsonist (level 13, -36/78 HPs)
             Began as a Gargoyle Fire Elementalist on Aug 6, 2020.
             Was an Elder of Vehumet.
             Killed from afar by a frost giant (57 damage)
             ... with a bolt of cold
             ... in an ice cave.
             The game lasted 00:48:52 (20156 turns).

WillHelm1234 the Arsonist (GrFE)                   Turns: 20156, Time: 00:48:53

Health: -36/78     AC: 22    Str: 14    XL:     13   Next: 19%
Magic:  6/23       EV: 18    Int: 22    God:    Vehumet [****..]
Gold:   913        SH:  0    Dex: 14    Spells: 3/25 levels left

rFire    + . .     SeeInvis .   K - +10 flail of Annihilation {freeze, rF+}
rCold    . . .     Faith    .   (no shield)
rNeg     + + .     Spirit   .   F - +3 ring mail {MR+}
rPois    ∞         Reflect  .   (no helmet)
rElec    +         Harm     .   P - scarf {repulsion}
rCorr    .                      (no gloves)
MR       +....                  N - +2 pair of boots "Kexkogh" {rN+ Str+3 Dex+4 Slay-4}
Stlth    +.........             G - amulet of magic regeneration
HPRegen  0.23/turn              p - +4 ring of evasion
MPRegen  0.43/turn              (no ring)

@: repel missiles
A: negative energy resistance 1, electricity resistance, unbreathing,
petrification resistance, rot immunity, AC +9
a: Renounce Religion


You were in an ice cave.
You worshipped Vehumet.
Vehumet was greatly pleased with you.
You visited 3 branches of the dungeon, and saw 15 of its levels.
You also visited: Ice Cave.

You collected 913 gold pieces.

Inventory:

Hand Weapons
 K - the +10 flail of Annihilation (weapon) {freeze, rF+}
   (You found it on level 9 of the Dungeon)

   It has been specially enchanted to freeze those struck by it, causing extra
   injury to most foes and up to half again as much damage against particularly
   susceptible opponents.
   It can also slow down cold-blooded creatures.
   It protects you from fire.
Missiles
 c - 357 stones (quivered)
Armour
 F - a +3 ring mail of magic resistance (worn)
 N - the +2 pair of boots "Kexkogh" (worn) {rN+ Str+3 Dex+4 Slay-4}
   (You found it on level 9 of the Dungeon)

   It affects your strength (+3).
   It affects your dexterity (+4).
   It affects your accuracy and damage with ranged weapons and melee attacks
   (-4).
   It protects you from negative energy.
 P - a scarf of repulsion (worn)
Magical Staves
 C - an uncursed staff of poison
Jewellery
 a - an uncursed ring of magical power {unknown}
 p - a +4 ring of evasion (left hand)
 u - an uncursed ring of protection from fire {unknown}
 G - an amulet of magic regeneration (around neck)
Wands
 j - a wand of polymorph (17)
 w - a wand of iceblast (12)
 D - a wand of paralysis (11)
 M - a wand of flame (24)
Scrolls
 d - 2 scrolls of identify
 g - a scroll of fear
 h - a scroll of silence {unknown}
 i - 2 scrolls of enchant weapon
 l - a scroll of noise {unknown}
 m - 4 scrolls of teleportation
 o - 2 scrolls of enchant armour
 r - 3 scrolls of blinking
 t - 8 scrolls of remove curse
 B - 2 scrolls of magic mapping
Potions
 b - 8 potions of might
 e - 4 potions of degeneration
 f - 4 potions of haste
 k - 4 potions of flight
 n - 3 potions of magic
 q - 4 potions of lignification
 v - 6 potions of curing {unknown}
 x - 3 potions of invisibility
 z - 2 potions of mutation {unknown}
 A - a potion of resistance
 H - a potion of cancellation {unknown}
 L - 3 potions of stabbing {unknown}
 O - a potion of brilliance {unknown}


   Skills:
 + Level 7.8 Fighting
 + Level 7.1(8.4) Maces & Flails
 + Level 7.1(8.4) Staves
 + Level 6.1 Armour
 + Level 6.1 Dodging
 - Level 2.1 Stealth
 + Level 6.8 Spellcasting
 + Level 8.0 Conjurations
 + Level 4.8 Translocations
 * Level 8.4 Fire Magic
 + Level 6.0 Ice Magic
 + Level 4.8 Earth Magic
 + Level 2.0 Poison Magic


You had 3 spell levels left.
You knew the following spells:

 Your Spells              Type           Power        Failure   Level
a - Foxfire               Conj/Fire      ####         1%          1
b - Conjure Flame         Conj/Fire      #####...     1%          3
c - Sticky Flame          Conj/Fire      #####...     1%          4
d - Fireball              Conj/Fire      #####.....   4%          5
e - Shock                 Conj/Air       ####         1%          1
f - Freeze                Ice            ####         1%          1
g - Ignite Poison         Fire/Tmut/Pois ###.....     3%          3
s - Blink                 Tloc           N/A          3%          2
v - Sandblast             Erth           ####..       1%          1
x - Magic Dart            Conj           ####         1%          1

Your spell library contained the following spells:

 Spells                   Type           Power        Failure   Level
 Static Discharge         Conj/Air       ####....     2%          3
 Searing Ray              Conj           #####.       1%          2
 Frozen Ramparts          Ice            ####..       1%          3
 Apportation              Tloc           ####..       2%          1
 Dazzling Flash           Conj/Hex       ####..       2%          3
 Inner Flame              Hex/Fire       ####....     2%          3
 Mephitic Cloud           Conj/Pois/Air  ###.....     3%          3
 Ozocubu's Armour         Ice            ####....     4%          3
 Gell's Gravitas          Tloc           ####......   6%          3
 Animate Skeleton         Necr           #.....       16%         1
 Beastly Appendage        Tmut           #.....       16%         1
 Corona                   Hex            #......      16%         1
 Summon Small Mammal      Summ           #...         16%         1
 Call Imp                 Summ           #.......     24%         2
 Slow                     Hex            #.......     24%         2
 Wereblood                Tmut           #.......     24%         2
 Spider Form              Tmut/Pois      ##........   30%         3
 Call Canine Familiar     Summ           #.......     43%         3
 Confusing Touch          Hex            #.......     43%         3
 Summon Guardian Golem    Hex/Summ       #.......     43%         3
 Hailstorm                Conj/Ice       #####...     2%          4
 Iskenderun's Mystic Bla  Conj/Tloc      #####...     3%          4
 Fulminant Prism          Conj/Hex       ####......   9%          4
 Ice Form                 Ice/Tmut       ###.....     41%         4
 Summon Ice Beast         Ice/Summ       ###.....     41%         4
 Petrify                  Tmut/Erth      ###.....     50%         4
 Yara's Violent Unravell  Hex/Tmut       #.........   69%         5
 Metabolic Englaciation   Hex/Ice        ###.......   77%         5
 Summon Lightning Spire   Summ/Air       #.......     83%         4
 Blade Hands              Tmut           #.........   99%         5


Dungeon Overview and Level Annotations

Branches:
Dungeon (12/15)            Temple (1/1) D:5            Lair (2/6) D:10
    Orc (0/2) D:9           IceCv (1/1)
  Swamp: Lair:2-4    Shoals: Lair:2-4     Snake: Lair:2-4    Spider: Lair:2-4

Altars:
Ashenzari
Cheibriados
Dithmenos
Elyvilon
Fedhas
Gozag
Hepliaklqana
Kikubaaqudgha
Makhleb
Nemelex Xobeh
Okawaru
Qazlal
Ru
Sif Muna
Trog
Uskayaw
Vehumet
Wu Jian
Xom
Yredelemnul
Zin
The Shining One

Shops:
D:6 =


Innate Abilities, Weirdness & Mutations

You are resistant to torment.
Your stone body is resilient. (AC +9)
You are immune to poison.
You resist negative energy. (rN+)
You are resistant to electric shocks. (rElec)
You can survive without breathing.
You are immune to petrification.
You are immune to rotting.


Message History

You don't have enough magic to cast that spell.
You are too injured to fight recklessly!
The polar bear bites you but does no damage.
The polar bear claws you but does no damage. x2
You barely miss the frost giant.
The frost giant is lightly wounded.
The polar bear closely misses you. The polar bear misses you.
The polar bear barely misses you.
The frost giant hits you with a +2 battleaxe of freezing!
The frost giant freezes you.
You thump the frost giant!
The frost giant is moderately wounded.
The polar bear bites you.
* * * LOW HITPOINT WARNING * * *
The polar bear completely misses you.
The polar bear claws you but does no damage.
The frost giant casts a spell at you. The bolt of cold hits you!!!
Ouch! That really hurt!
You die...

÷## ##..# ##.....## .# #.##
#.......## ## #.h#
##........# ### #
##.###...÷....## ######.. #
#..##.....#...### ##..##...
##......##......###........
##.....##.......#.......∩.
##...###Ch..##....##.....
#..###.@..####..#####...
##.# #.....###### ##.. ###
#....##≈≈#≈ ### ##...##≈≈≈≈
#...##≈≈### #..#.≈≈##.##
##.#.≈##..†##
##..##..#..###
#.##..###...##


You could see a frost giant and a polar bear.

Vanquished Creatures
  Josephine (D:10)
  3 two-headed ogres
  A skeletal warrior (D:11)
  An unseen horror (D:10)
  A wizard (D:10)
  A wolf spider (D:11)
  An ice statue (IceCv)
  2 centaur zombies (D:10)
  A gargoyle (D:10)
  A cane toad (Lair:1)
  A rime drake (Lair:2)
  2 komodo dragons
  2 trolls (D:10)
  14 polar bears (IceCv)
  A hornet (D:10)
  5 blink frogs (Lair:1)
  Grinder (D:6)
  8 hippogriffs
  A shadow (D:11)
  3 wyverns
  3 wraiths (D:10)
  19 yaks
  Grum (D:10)
  2 basilisks
  Menkaure (D:7)
  2 wargs
  A soldier ant (D:12)
  An acid dragon (D:11)
  2 water moccasins
  3 ice beasts
  3 porcupines (Lair:1)
  3 sky beasts
  A black bear (D:9)
  4 orc warriors
  6 phantoms
  A hornet zombie (D:9)
  11 wolves
  8 ogres
  2 centaurs
  4 crocodiles
  2 big kobolds
  8 bullfrogs
  A water moccasin zombie (D:9)
  A scorpion (D:8)
  13 killer bees (D:8)
  9 wights
  6 howler monkeys
  A quasit (D:7)
  3 jellies
  7 hounds
  A bullfrog skeleton (D:10)
  9 orc priests
  8 orc wizards
  3 centaur skeletons
  9 worker ants
  2 killer bee zombies
  A hound zombie (D:11)
  2 hound skeletons
  3 worker ant zombies
  8 gnolls
  14 adders
  2 shadow imps
  4 white imps
  3 ufetubi
  An ooze (D:3)
  An adder zombie (D:5)
  2 adder skeletons
  3 worms
  4 dart slugs
  5 leopard geckos
  37 orcs
  7 giant cockroaches
  10 goblins
  10 hobgoblins
  13 jackals
  16 kobolds
  7 quokkas
  2 ball pythons
  6 bats
  8 frilled lizards
  A giant cockroach zombie (D:5)
  11 rats
393 creatures vanquished.

Vanquished Creatures (others)
  1730 foxfires
1730 creatures vanquished.

Grand Total: 2123 creatures vanquished

Notes
Turn   | Place    | Note
-------+----------+-------------------------------------------
     0 | D:1      | WillHelm1234 the Gargoyle Fire Elementalist began the quest
                  | for the Orb.
     0 | D:1      | Reached XP level 1. HP: 10/10 MP: 3/3
   292 | D:1      | Reached XP level 2. HP: 15/15 MP: 5/5
   791 | D:1      | Reached XP level 3. HP: 7/20 MP: 6/6
  1032 | D:1      | Learned a level 3 spell: Conjure Flame
  1406 | D:1      | Reached skill level 1 in Fighting
  2209 | D:2      | You fall into a shaft and drop 1 floor!
  2359 | D:2      | Reached skill level 1 in Maces & Flails
  2580 | D:2      | Found a shimmering altar of Xom.
  2581 | D:2      | Found a shimmering altar of Xom.
  2583 | D:2      | Found a shimmering altar of Xom.
  2619 | D:2      | Reached XP level 4. HP: 25/25 MP: 7/7
  3675 | D:3      | Noticed an orc warrior
  3787 | D:3      | Found a hide-covered altar of Uskayaw.
  3788 | D:3      | Found a white marble altar of Elyvilon.
  3793 | D:3      | Reached XP level 5. HP: 30/30 MP: 5/8
  3865 | D:3      | Killed an orc warrior
  3865 | D:3      | Reached skill level 1 in Staves
  3877 | D:3      | Reached XP level 6. HP: 30/35 MP: 3/10
  4393 | D:4      | Noticed a phantom
  4413 | D:4      | Killed a phantom
  4507 | D:4      | Learned a level 4 spell: Sticky Flame
  4516 | D:4      | Noticed a hippogriff
  4537 | D:4      | Reached XP level 7. HP: 36/40 MP: 1/11
  4542 | D:4      | Killed a hippogriff
  5476 | D:5      | Entered Level 5 of the Dungeon
  5602 | D:5      | Found a burning altar of Makhleb.
  5632 | D:5      | Reached XP level 8. HP: 41/46 MP: 2/13
  5890 | D:5      | Found a basalt altar of Yredelemnul.
  6177 | D:5      | Reached skill level 5 in Fire Magic
  6239 | D:5      | HP: 2/48 [ice beast (8)]
  6751 | D:5      | Found a staircase to the Ecumenical Temple.
  6850 | Temple   | Entered the Ecumenical Temple
  7185 | D:5      | Learned a level 1 spell: Freeze
  7433 | D:6      | Found a sparkling altar of Nemelex Xobeh.
  7445 | D:6      | Noticed Grinder
  7591 | D:6      | Reached skill level 1 in Ice Magic
  7857 | D:6      | Reached XP level 9. HP: 52/52 MP: 9/15
  7907 | D:6      | Paralysed by Grinder for 2 turns
  7912 | D:6      | Paralysed by Grinder for 4 turns
  7921 | D:6      | Killed Grinder
  8588 | D:6      | Found Loureh's Jewellery Emporium.
  9405 | D:7      | Noticed Menkaure
  9410 | D:7      | Killed Menkaure
  9493 | D:7      | Reached skill level 5 in Conjurations
  9697 | D:7      | Found an ancient bone altar of Kikubaaqudgha.
  9751 | D:7      | Reached skill level 1 in Armour
  9808 | D:7      | Reached skill level 5 in Fighting
  9842 | D:7      | Learned a level 2 spell: Blink
  9871 | D:7      | Found a sparkling altar of Nemelex Xobeh.
  9951 | D:7      | Found a snail-covered altar of Cheibriados.
  9954 | D:7      | Learned a level 1 spell: Magic Dart
 10364 | D:8      | Reached skill level 1 in Translocations
 10465 | D:8      | Reached XP level 10. HP: 59/59 MP: 17/17
 10978 | D:8      | Reached skill level 5 in Spellcasting
 11629 | D:9      | Got a brightly glowing flail
 11639 | D:9      | Identified the +10 flail of Annihilation {freeze, rF+} (You
                  | found it on level 9 of the Dungeon)
 11647 | D:9      | Found a hazy altar of Hepliaklqana.
 11704 | D:9      | Found a radiant altar of Vehumet.
 11713 | D:9      | Became a worshipper of Vehumet
 12036 | D:9      | Found an ornate altar of the Wu Jian Council.
 12086 | D:9      | Found a staircase to the Orcish Mines.
 12196 | D:8      | Reached skill level 5 in Maces & Flails
 12452 | D:9      | Reached skill level 5 in Staves
 12723 | D:9      | Learned a level 5 spell: Fireball
 12726 | D:9      | Noticed a two-headed ogre
 12738 | D:9      | Killed a two-headed ogre
 12872 | D:9      | Got a pair of crude boots
 13128 | D:9      | Identified the +2 pair of boots "Kexkogh" {rN+ Str+3 Dex+4
                  | Slay-4} (You found it on level 9 of the Dungeon)
 13292 | D:9      | Reached XP level 11. HP: 64/64 MP: 15/19
 13310 | D:9      | Found an iron altar of Okawaru.
 13317 | D:9      | Reached * piety under Vehumet
 13317 | D:9      | Offered knowledge of Sandblast by Vehumet.
 13317 | D:9      | Reached skill level 5 in Dodging
 13782 | D:9      | Found a glowing golden altar of the Shining One.
 14318 | D:10     | Entered Level 10 of the Dungeon
 14352 | D:10     | Learned a level 1 spell: Sandblast
 14471 | D:10     | Killed an unseen horror
 14471 | D:10     | Reached skill level 1 in Earth Magic
 14884 | D:10     | Noticed a wizard
 14893 | D:10     | Killed a wizard
 15098 | D:10     | Offered knowledge of Shock by Vehumet.
 15102 | D:10     | Reached ** piety under Vehumet
 15248 | D:10     | Noticed Josephine
 15275 | D:10     | Killed Josephine
 15799 | D:10     | Noticed Grum
 15816 | D:10     | Killed Grum
 15829 | D:10     | Reached XP level 12. HP: 69/72 MP: 3/21
 15894 | D:10     | Found a staircase to the Lair.
 16037 | Lair:1   | Entered Level 1 of the Lair of Beasts
 16054 | Lair:1   | Learned a level 1 spell: Shock
 16148 | D:11     | Reached skill level 5 in Armour
 16148 | D:11     | Reached skill level 5 in Ice Magic
 16322 | D:11     | Noticed a two-headed ogre
 16332 | D:11     | Killed a two-headed ogre
 16863 | D:11     | You fall into a shaft and drop 1 floor!
 16897 | D:12     | Noticed a two-headed ogre
 16927 | D:12     | Killed a two-headed ogre
 17259 | D:11     | Offered knowledge of Ignite Poison by Vehumet.
 18150 | Lair:1   | Reached *** piety under Vehumet
 18657 | Lair:1   | Learned a level 3 spell: Ignite Poison
 18988 | Lair:2   | Found a frozen archway.
 18997 | IceCv    | Entered an ice cave
 19020 | IceCv    | Offered knowledge of Static Discharge by Vehumet.
 19092 | IceCv    | Reached skill level 1 in Poison Magic
 19128 | IceCv    | Reached XP level 13. HP: 7/78 MP: 3/23
 19842 | IceCv    | Reached **** piety under Vehumet
 20110 | IceCv    | Noticed a frost giant
 20156 | IceCv    | Killed from afar by a frost giant

Illustrated notes

Levels and vault maps discovered:
D:1:      scummos_arrival_simple_crosswalls, layout_loops_corners
D:2:      layout_loops_cross, xom_redecorated, kennysheep_generic_room_13
D:3:      layout_basic, nicolae_overflow_crystal_walls,
          overflow_temple_1_default
D:4:      wad_crossroads, layout_basic
D:5:      layout_loops_cross, bloody_makhleb, minmay_temple_entry_grid,
          yredelemnul_altar_generic
D:6:      layout_basic, basic_altar, serial_shops, nicolae_shop_trees,
          uniq_grinder
D:7:      layout_cave_pools, kiku_gazebo_garden_becter,
          lemuel_coloured_pillars_altar, old_standard_altar, uniq_menkaure
D:8:      layout_basic, eino_jars
D:9:      layout_layer_cave, lemuel_crystal_altar, nicolae_tso_carved_into_rock,
          lemuel_round_altar, okawaru_trees_2, lemuel_round_altar,
          david_orc_1_choice
D:10:     layout_basic, david_lair_generic, uniq_grum, uniq_josephine
D:11:     layout_rooms, minmay_misc_feat_secret_circle, kb_rosetta
D:12:     wad_bat_island, layout_basic
Temple:   chequers_temple_sunken
Lair:1:   layout_layer_cave
Lair:2:   layout_hall_layers, nicolae_swamp_entry_splash_gauntlet,
          portal_ice_cave_entry_pillars_1
IceCv:    ice_cave_small_giant

Skill      XL: |  1  2  3  4  5  6  7  8  9 10 11 12 13 |
---------------+----------------------------------------+-----
Fighting       | 1 2 3 4 5 6 7 |  7.8
Maces & Flails | 1 2 3 4 5 6 7 |  7.1
Dodging        | 2 3 4 5 6 |  6.1
Conjurations   | 2 3 4 5 6 7 8 |  8.0
Staves         | 1 2 3 4 5 6 7 |  7.1
Fire Magic     | 4 5 6 7 8 |  8.4
Spellcasting   | 3 4 5 6 |  6.8
Ice Magic      | 1 2 3 4 5 6 |  6.0
Armour         | 2 3 4 5 6 |  6.1
Translocations | 1 2 3 4 |  4.8
Earth Magic    | 2 4 |  4.8
Poison Magic   | 1 2 |  2.0
Stealth        | |  2.1

Action                   |  1- 3 |  4- 6 |  7- 9 | 10-12 | 13-15 || total
-------------------------+-------+-------+-------+-------+-------++-------
Melee: Unarmed           |    10 |       |       |       |       ||    10
       Club              |   116 |    20 |       |       |       ||   136
       Mace              |     2 |       |       |       |       ||     2
       Quarterstaff      |       |    74 |       |       |       ||    74
       Dire flail        |       |    32 |   316 |       |       ||   348
       Flail             |       |       |    98 |   287 |    58 ||   443
Throw: Javelin           |    42 |       |       |       |       ||    42
       Stone             |       |     2 |     2 |       |       ||     4
       Dart              |       |       |     9 |       |       ||     9
 Cast: Foxfire           |    11 |    45 |   307 |   775 |    27 ||  1165
       Freeze            |       |       |     2 |       |       ||     2
       Conjure Flame     |       |       |     2 |       |       ||     2
       Magic Dart        |       |       |    11 |       |     1 ||    12
       Sticky Flame      |       |       |       |    22 |     5 ||    27
       Fireball          |       |       |       |     7 |    22 ||    29
       Blink             |       |       |       |     1 |       ||     1
       Shock             |       |       |       |       |     2 ||     2
Evoke: Wand              |       |       |       |     2 |       ||     2
  Use: Scroll            |     1 |       |     1 |    21 |       ||    23
       Potion            |       |       |       |     1 |     4 ||     5
 Stab: Sleeping          |     2 |     4 |     2 |     1 |       ||     9
Armor: Robe              |    43 |    60 |   100 |       |       ||   203
       Ring mail         |       |       |    48 |   403 |    86 ||   537
Dodge: Dodged            |   102 |   152 |   457 |   754 |   182 ||  1647
       Repelled          |       |       |       |     2 |     1 ||     3

Table legend: (Time is in decaauts)
 A = Elapsed time spent in this place.
 B = Non-inter-level travel time spent in this place.
 C = Inter-level travel time spent in this place.
 D = Time resting spent in this place.
 E = Time spent auto-exploring this place.
 F = Levels seen in this place.
 G = Mean time per level.
                   A        B        C        D        E       F      G
               +--------+--------+--------+--------+--------+-----+--------+
         Total |  20355 |  19869 |    486 |    974 |  14746 |  16 | 1272.2 |
       Dungeon |  17748 |  17282 |    466 |    969 |  12763 |  12 | 1479.0 |
        Temple |    233 |    229 |      4 |      0 |    226 |   1 |  233.0 |
          Lair |   1215 |   1199 |     16 |      0 |    904 |   2 |  607.5 |
      Ice Cave |   1157 |   1157 |      0 |      5 |    853 |   1 | 1157.0 |
               +--------+--------+--------+--------+--------+-----+--------+

Top non-repeatable levels by time:
     D:9: 2459 daAuts
    D:10: 2005 daAuts
     D:6: 1860 daAuts
     D:8: 1829 daAuts
     D:2: 1798 daAuts
     D:1: 1796 daAuts
     D:5: 1650 daAuts
     D:4: 1478 daAuts
    D:11: 1196 daAuts
   IceCv: 1157 daAuts
  Lair:1: 1078 daAuts
     D:3: 730 daAuts
     D:7: 669 daAuts
    D:12: 274 daAuts
  Temple: 233 daAuts
